AoeStats
← King Taco

Arabian Desert

510432682Analyzed
1v1 RM · 8h ago on Oct 1, 2026· 16m 48s· 2 players
Game mode
Random Map
Map size
Tiny (2 player)
Population
200
Speed
Normal
Resources
Standard
Victory
Conquest
Starting age
Dark Age
Ending age
Imperial Age
RankedLock teamsTeams togetherTeam positionsShared explorationLock speedFull tech treeHidden civsTurbo modeCheats
Victory
Defeat
🇲🇽 Shu · Mexico
1027
+17
🇫🇷 Magyars · France
1041
-17
King Taco
2:59 Loom
4:07 Loom
9:50 Feudal Age
9:54 Man-at-Arms
12:12 Arson
14:05 Scale Mail Armor
17:01 Forging
[SAPR] Janstonbeats
5:39 Loom
8:59 Feudal Age
9:36 Double-Bit Axe
9:33 Horse Collar
16:19 Fletching
Connection lost

Rejoining the realm…

Still unreachable

The connection could not be restored.

Session expired

The server has moved on; the page needs a fresh start.